[Event "Titled Tuesday Blitz November 07 Late 2023"]
[White "Ventura Bolet, Maxim"]
[Black "Rojas Alarcon, Julian Antonio"]
[WhiteFideId "22238824"]
[BlackFideId "5107407"]
[WhiteElo "2478"]
[BlackElo "2665"]
[Result "1-0"]
[Round "5"]
[TimeControl "180+1"]
[Date "2023.11.07"]
[WhiteClock "0:00:08"]
[BlackClock "0:00:29"]
[Board "65"]

1. e4 c5 2. Nf3 Nc6 3. d4 cxd4 4. Nxd4 Nf6 5. Nc3 e5 6. Ndb5 d6 7. Nd5 Nxd5 8. exd5 Nb8 9. a4 a6 10. Na3 Be7 11. Be2 Nd7 12. O-O O-O 13. Be3 f5 14. f4 Nf6 15. Nc4 e4 16. Nb6 Rb8 17. a5 Bd7 18. c4 Be8 19. b4 Nd7 20. Rc1 Nxb6 21. Bxb6 Qd7 22. c5 Rc8 23. c6 bxc6 24. dxc6 Rxc6 25. Qd5+ Kh8 26. Bxa6 Rxb6 27. axb6 Qa4 28. b5 Bf7 29. Qd1 Bb3 30. Qd2 Bc4 31. b7 d5 32. Ra1 Qb3 33. Rfb1 Bc5+ 34. Kh1 e3 35. Rxb3 exd2 36. Rbb1 Bd4 37. Ra3 Bc5 38. Raa1 Bd4 39. Ra3 Re8 40. h4 Ba7 41. Kh2 Re1 42. Raa1 Bg1+ 43. Kh3 Re3+ 44. g3 Re8 45. Rxg1 Bb3 46. Rgd1 Bxd1 47. Rxd1 h6 48. Rxd2 Kh7 49. Rxd5 Kg6 50. Rc5 Kh5 51. Rc8 Re2 52. b8=Q g6 53. Rh8 g5 54. Rxh6+ Kxh6 55. Qh8+ Kg6 56. Qg8+ Kh6 57. Qxg5+ Kh7 58. Qxf5+ Kh6 59. Qg5+ Kh7 60. b6 Rb2 61. Bd3+ Kh8 62. Qf6+ Kg8 63. Qxb2 Kf7 64. b7 Ke7 65. b8=Q Kd7 66. Qa7+ Ke6 67. Qbb6+ Kd5 68. Qaa5# 1-0


[Site "https://www.chess.com"]

[Event "Titled Tuesday Blitz November 07 Late 2023"]
[White "Tokhirjonova, Gulrukhbegim"]
[Black "Kovacsy, Barnabas"]
[WhiteFideId "14203626"]
[BlackFideId "769290"]
[WhiteElo "2647"]
[BlackElo "2468"]
[Result "0-1"]
[Round "5"]
[TimeControl "180+1"]
[Date "2023.11.07"]
[WhiteClock "0:00:00"]
[BlackClock "0:00:42"]
[Board "66"]

1. Nf3 Nf6 2. c4 g6 3. Nc3 d5 4. cxd5 Nxd5 5. e4 Nxc3 6. bxc3 Bg7 7. d4 c5 8. Be3 O-O 9. Qd2 cxd4 10. cxd4 Nc6 11. Be2 Bg4 12. Rd1 Bxf3 13. gxf3 Rc8 14. O-O e5 15. d5 Nd4 16. Bxd4 exd4 17. f4 Qh4 18. f3 Bh6 19. Qxd4 Bxf4 20. Qf2 Qxf2+ 21. Kxf2 Bxh2 22. Ke3 g5 23. Bd3 f6 24. Rb1 Bf4+ 25. Ke2 b6 26. Rh1 Rc7 27. a4 Re8 28. a5 bxa5 29. Rb5 a4 30. Ra1 h5 31. Rxa4 h4 32. Kf2 h3 33. Ra1 h2 34. Kg2 Be5 35. Rd1 Rc3 36. Rb7 Rec8 37. Rbb1 a5 0-1


[Site "https://www.chess.com"]

[Event "Titled Tuesday Blitz November 07 Late 2023"]
[White "Shuvalova, Polina"]
[Black "victormago"]
[WhiteFideId "24171760"]
[WhiteElo "2643"]
[BlackElo "2465"]
[Result "1-0"]
[Round "5"]
[TimeControl "180+1"]
[Date "2023.11.07"]
[WhiteClock "0:00:19"]
[BlackClock "0:00:16"]
[Board "67"]

1. Nf3 Nf6 2. c4 c5 3. g3 b6 4. Bg2 Bb7 5. O-O e6 6. b3 Be7 7. Bb2 d6 8. d4 cxd4 9. Qxd4 O-O 10. Nc3 a6 11. Rad1 Nbd7 12. h4 Qc7 13. Qd2 Rfd8 14. Rfe1 Nc5 15. Qc2 Nce4 16. Ng5 Nxg5 17. hxg5 Nd7 18. f4 Bxg2 19. Kxg2 Rac8 20. Rh1 Nf8 21. a4 Qc6+ 22. Qe4 Qxe4+ 23. Nxe4 d5 24. cxd5 exd5 25. Nc3 d4 26. Ne4 Rc2 27. Rd2 Rxd2 28. Nxd2 d3 29. e4 Bb4 30. Rd1 Ne6 31. Kf3 Nc5 32. Ke3 Re8 33. e5 f6 34. gxf6 gxf6 35. Bd4 fxe5 36. Bxe5 Bxd2+ 37. Rxd2 Nxb3 38. Rxd3 Nc5 39. Rd6 Nxa4 40. Rd7 h5 41. Rg7+ Kf8 42. Rh7 b5 43. Rxh5 b4 44. Rh8+ Kf7 45. Rh7+ Ke6 46. Ra7 Nc5 47. Kd4 Rc8 48. g4 b3 49. f5# 1-0


[Site "https://www.chess.com"]

[Event "Titled Tuesday Blitz November 07 Late 2023"]
[White "Arman, Deniz"]
[Black "Oglaza, Oskar"]
[WhiteFideId "6302106"]
[BlackFideId "1194402"]
[WhiteElo "2638"]
[BlackElo "2458"]
[Result "0-1"]
[Round "5"]
[TimeControl "180+1"]
[Date "2023.11.07"]
[WhiteClock "0:01:57"]
[BlackClock "0:00:32"]
[Board "68"]

1. e4 c5 2. d4 cxd4 3. c3 d3 4. c4 Nc6 5. Bxd3 g6 6. Nf3 Bg7 7. O-O Nf6 8. Nc3 O-O 9. h3 d6 10. Be3 b6 11. Rc1 Bb7 12. b3 Rc8 13. Bb1 Re8 14. Qe2 Qc7 15. Nd5 Qb8 16. Rfd1 Qa8 17. a4 Nxd5 18. exd5 Ne5 19. Nd4 e6 20. Nb5 exd5 21. Nxd6 d4 22. Nxc8 Bxg2 23. Nd6 Nf3+ 24. Kxg2 Nh4+ 25. Kf1 Qh1# 0-1


[Site "https://www.chess.com"]

[Event "Titled Tuesday Blitz November 07 Late 2023"]
[White "Thomforde-Toates, Noah"]
[Black "szachmistrz2500"]
[WhiteFideId "30951992"]
[WhiteElo "2636"]
[BlackElo "2454"]
[Result "1-0"]
[Round "5"]
[TimeControl "180+1"]
[Date "2023.11.07"]
[WhiteClock "0:01:31"]
[BlackClock "0:00:57"]
[Board "69"]

1. d4 d5 2. Nc3 Nf6 3. Bf4 Bf5 4. f3 c6 5. g4 Bg6 6. h4 h5 7. g5 Nfd7 8. e4 e6 9. Bd3 Qb6 10. exd5 Bxd3 11. Qxd3 cxd5 12. g6 f6 13. Nge2 Nc6 14. O-O Nb4 15. Qd2 Bd6 16. a3 Na6 17. Rfe1 O-O-O 18. b4 Nc7 19. Na4 Qc6 20. Nc5 Nxc5 21. bxc5 Bxf4 22. Nxf4 e5 23. dxe5 Qxc5+ 24. Kg2 fxe5 25. Rxe5 Rhe8 26. Rae1 Rxe5 27. Rxe5 Qxa3 28. Nxh5 Qd6 29. Qg5 d4 30. Nxg7 Rg8 31. Nf5 Qxg6 32. Ne7+ 1-0


[Site "https://www.chess.com"]

[Event "Titled Tuesday Blitz November 07 Late 2023"]
[White "Volkov, Maksim"]
[Black "Akhayan, Ruben"]
[WhiteFideId "54123070"]
[BlackFideId "204439"]
[WhiteElo "2635"]
[BlackElo "2446"]
[Result "1-0"]
[Round "5"]
[TimeControl "180+1"]
[Date "2023.11.07"]
[WhiteClock "0:01:51"]
[BlackClock "0:01:39"]
[Board "70"]

1. e4 e5 2. Nf3 Nc6 3. Bc4 Nf6 4. d3 Bc5 5. c3 d6 6. O-O a5 7. Nbd2 O-O 8. h3 h6 9. Re1 Ba7 10. Nf1 Ne7 11. d4 Ng6 12. Ng3 Re8 13. Bb3 Be6 14. Be3 Qe7 15. a4 Nf4 16. Nf5 Bxf5 17. exf5 c6 18. Bxf4 Qd7 19. dxe5 Qxf5 20. Bg3 dxe5 21. Nxe5 Nh5 22. Bxf7+ Kh8 23. Qxh5 1-0


[Site "https://www.chess.com"]

[Event "Titled Tuesday Blitz November 07 Late 2023"]
[White "ExchangeAB"]
[Black "Wieczorek, Oskar"]
[BlackFideId "1133950"]
[WhiteElo "2450"]
[BlackElo "2635"]
[Result "0-1"]
[Round "5"]
[TimeControl "180+1"]
[Date "2023.11.07"]
[WhiteClock "0:00:01"]
[BlackClock "0:00:05"]
[Board "71"]

1. Nf3 g6 2. g3 Bg7 3. Bg2 c5 4. O-O Nc6 5. d3 d5 6. Nbd2 e5 7. e4 Nge7 8. Re1 O-O 9. c3 h6 10. Qc2 Be6 11. Nf1 d4 12. h4 Rc8 13. c4 a6 14. N1h2 b5 15. b3 Qd7 16. Bd2 Nb4 17. Bxb4 cxb4 18. Qd2 Qd6 19. g4 bxc4 20. bxc4 a5 21. Reb1 Rb8 22. a3 Nc6 23. axb4 axb4 24. g5 h5 25. Qb2 Ra8 26. Nd2 f6 27. Nhf3 Bg4 28. Rxa8 Rxa8 29. Ra1 Ra3 30. gxf6 Bxf6 31. Ng5 Bxg5 32. hxg5 Be6 33. Nb3 Qe7 34. Kf1 h4 35. Bf3 h3 36. Ke2 Qa7 37. Bh1 Kg7 38. Bf3 Qe7 39. Bh1 Bg4+ 40. Bf3 Bxf3+ 41. Kxf3 Qxg5 42. Rxa3 bxa3 43. Qxa3 h2 44. Qa1 Qg1 45. Qa6 h1=Q+ 0-1


[Site "https://www.chess.com"]

[Event "Titled Tuesday Blitz November 07 Late 2023"]
[White "Zakaryan, David"]
[Black "Kovalevsky, Stanislav"]
[WhiteFideId "24101923"]
[BlackFideId "13508598"]
[WhiteElo "2626"]
[BlackElo "2446"]
[Result "1-0"]
[Round "5"]
[TimeControl "180+1"]
[Date "2023.11.07"]
[WhiteClock "0:00:27"]
[BlackClock "0:00:05"]
[Board "72"]

1. d4 d5 2. c4 c6 3. Nf3 Nf6 4. e3 e6 5. Bd3 Ne4 6. Nbd2 f5 7. O-O Bd6 8. b3 Nd7 9. a4 Qe7 10. a5 O-O 11. Qc2 Rf6 12. Bb2 Rh6 13. Ne5 g5 14. Bxe4 fxe4 15. f3 Nxe5 16. dxe5 Bc5 17. Bd4 exf3 18. Rxf3 g4 19. Rf4 Bd7 20. Raf1 Be8 21. cxd5 Bxd4 22. exd4 Bg6 23. Qc5 Qxc5 24. dxc5 exd5 25. Rxg4 Rh5 26. Nf3 Re8 27. a6 bxa6 28. Nd4 Rexe5 29. Nxc6 Re2 30. Nd4 Rd2 31. c6 Re5 32. c7 Re8 33. Rgf4 Kg7 34. Rf8 Rxf8 35. Rxf8 Rxd4 36. c8=Q Be4 37. Qc7+ Kg6 38. Qd6+ Kh5 39. Qe5+ 1-0


[Site "https://www.chess.com"]

[Event "Titled Tuesday Blitz November 07 Late 2023"]
[White "Mazurkiewicz, Michal"]
[Black "aghasiyevkamal"]
[WhiteFideId "1124943"]
[WhiteElo "2436"]
[BlackElo "2616"]
[Result "1-0"]
[Round "5"]
[TimeControl "180+1"]
[Date "2023.11.07"]
[WhiteClock "0:00:06"]
[BlackClock "0:01:21"]
[Board "73"]

1. e4 e5 2. Nf3 Nc6 3. Bb5 a6 4. Bxc6 dxc6 5. O-O Bd6 6. d4 exd4 7. Qxd4 f6 8. Nbd2 Be6 9. e5 fxe5 10. Nxe5 Nf6 11. Ndc4 O-O 12. Nxd6 cxd6 13. Nf3 Bd5 14. Ne1 Re8 15. Bg5 Re5 16. f4 Re2 17. Bxf6 Qxf6 18. Qxf6 gxf6 19. Rf2 Re3 20. Nd3 Rae8 21. b3 a5 22. Kf1 a4 23. Re1 a3 24. Rxe3 Rxe3 25. g3 Bf3 26. Rd2 c5 27. Kf2 Rxd3 28. Rxd3 Be4 29. Rd2 d5 30. c3 f5 31. Ke3 Kf7 32. h3 h5 33. b4 b6 34. bxc5 bxc5 35. Rd1 Ke6 36. Rc1 Kd6 37. Rg1 Kc6 38. g4 hxg4 39. hxg4 fxg4 40. Rxg4 Kb5 41. Rg5 Kc4 42. Kd2 Bb1 43. f5 Bxa2 44. f6 Bb1 45. Kc1 Bd3 46. f7 Kxc3 47. Rg3 a2 48. Rxd3+ Kxd3 49. Kb2 c4 50. f8=Q c3+ 51. Kxa2 1-0


[Site "https://www.chess.com"]

[Event "Titled Tuesday Blitz November 07 Late 2023"]
[White "Weisz, Bryan"]
[Black "GatoRojo150"]
[WhiteFideId "30934133"]
[WhiteElo "2433"]
[BlackElo "2614"]
[Result "1-0"]
[Round "5"]
[TimeControl "180+1"]
[Date "2023.11.07"]
[WhiteClock "0:00:38"]
[BlackClock "0:00:12"]
[Board "74"]

1. e4 e5 2. Bc4 Nf6 3. Nc3 Nxe4 4. Qh5 Nd6 5. Bb3 Nc6 6. Nb5 g6 7. Qf3 f5 8. Qd5 Qf6 9. Nxc7+ Kd8 10. Nxa8 b6 11. Nf3 Bb7 12. d4 Nxd4 13. Qxd4 Bxf3 14. Qa4 Bxa8 15. Qxa7 Bxg2 16. Qxb6+ Kc8 17. Rg1 Bb7 18. Bg5 Qg7 19. Qd8# 1-0


[Site "https://www.chess.com"]

[Event "Titled Tuesday Blitz November 07 Late 2023"]
[White "ArtemDyachuk"]
[Black "Pace, Christopher"]
[BlackFideId "2610167"]
[WhiteElo "2613"]
[BlackElo "2432"]
[Result "1-0"]
[Round "5"]
[TimeControl "180+1"]
[Date "2023.11.07"]
[WhiteClock "0:02:28"]
[BlackClock "0:00:27"]
[Board "75"]

1. e4 e5 2. Nf3 Nc6 3. Bc4 Nf6 4. d3 Be7 5. O-O d6 6. c3 O-O 7. h3 Na5 8. Bb5 a6 9. Ba4 b5 10. Bc2 c5 11. Nbd2 Qc7 12. Re1 Bd7 13. Nf1 Rfe8 14. Bg5 h6 15. Bh4 g5 16. Bg3 Bf8 17. Ne3 Rad8 18. d4 exd4 19. cxd4 Nxe4 20. Nd5 1-0


[Site "https://www.chess.com"]

[Event "Titled Tuesday Blitz November 07 Late 2023"]
[White "Makaraci, Tunahan"]
[Black "Kokoszczynski, Jan"]
[WhiteFideId "6356559"]
[BlackFideId "1174460"]
[WhiteElo "2432"]
[BlackElo "2605"]
[Result "0-1"]
[Round "5"]
[TimeControl "180+1"]
[Date "2023.11.07"]
[WhiteClock "0:00:00"]
[BlackClock "0:00:05"]
[Board "76"]

1. e4 c6 2. c4 d5 3. exd5 cxd5 4. cxd5 Nf6 5. Nc3 g6 6. Nf3 Bg7 7. d4 O-O 8. h3 Nxd5 9. Bc4 Nb6 10. Bb3 Nc6 11. d5 Na5 12. O-O Nxb3 13. axb3 Nd7 14. Re1 Nf6 15. Be3 a6 16. Bc5 Re8 17. Qd2 Bf5 18. Rad1 Rc8 19. Bd4 Qd6 20. g4 Bd7 21. Be5 Qb6 22. d6 exd6 23. Qxd6 Qxd6 24. Rxd6 Be6 25. Nd4 Bf8 26. Rxe6 fxe6 27. Bxf6 e5 28. Rxe5 Kf7 29. g5 Rxe5 30. Bxe5 b5 31. Ne4 Rc1+ 32. Kg2 Rd1 33. h4 Bb4 34. Nc2 Be7 35. Ne3 Rd3 36. Bc3 b4 37. Nc4 Ke6 38. Be1 Rxb3 39. f3 Rd3 40. Kf2 Rd5 41. Ke3 a5 42. Ncd2 a4 43. Nc4 a3 44. bxa3 bxa3 45. Nc3 Rc5 46. Kd4 Rc8 47. Na2 Rd8+ 48. Kc3 Rd1 49. Bd2 Ra1 50. Kb3 Rh1 51. Bc3 Rxh4 52. Bd2 Rh3 53. Bc3 Rxf3 54. Nb4 Rh3 55. Nc6 h5 56. Nd4+ Kd7 57. Ne5+ Ke8 58. Nxg6 a2 59. Kxa2 Rxc3 60. Nf5 Bf8 61. Ne5 Rc5 0-1


[Site "https://www.chess.com"]

[Event "Titled Tuesday Blitz November 07 Late 2023"]
[White "Villarreal, Agustin"]
[Black "Sturt, Raven"]
[WhiteFideId "125687"]
[BlackFideId "2007304"]
[WhiteElo "2431"]
[BlackElo "2595"]
[Result "0-1"]
[Round "5"]
[TimeControl "180+1"]
[Date "2023.11.07"]
[WhiteClock "0:00:01"]
[BlackClock "0:00:05"]
[Board "77"]

1. d4 f5 2. Nf3 Nf6 3. g3 g6 4. Bg2 Bg7 5. O-O O-O 6. c4 d6 7. Nc3 Qe8 8. d5 Na6 9. Be3 Bd7 10. Bd4 c6 11. dxc6 bxc6 12. c5 e5 13. Be3 d5 14. Bg5 Nxc5 15. Rc1 Nfe4 16. Nxe4 Nxe4 17. Bd2 Rb8 18. b3 c5 19. Ba5 d4 20. Nd2 Nxd2 21. Qxd2 Qe7 22. Rc2 e4 23. Rfc1 Rb5 24. a4 Rxb3 25. Rxc5 Rbb8 26. Rc7 Rfc8 27. Rxa7 Be5 28. Bc7 Rxc7 29. Raxc7 Bxc7 30. Rxc7 Qd6 31. Rc4 Rb1+ 32. Bf1 Be6 33. Rxd4 Qe5 34. Rd8+ Kg7 35. Rd6 Kf7 36. a5 Ra1 37. a6 f4 38. gxf4 Bh3 39. Rd7+ Kg8 40. Rd8+ Kg7 41. Qd1 Rxd1 42. Rxd1 Qh5 43. a7 Qg4+ 44. Kh1 Bxf1 45. Rxf1 Qxe2 46. a8=Q Qxf1# 0-1


[Site "https://www.chess.com"]

[Event "Titled Tuesday Blitz November 07 Late 2023"]
[White "Pinheiro, Iung Alicio de O."]
[Black "Polaczek, Richard"]
[WhiteFideId "2104350"]
[BlackFideId "200026"]
[WhiteElo "2592"]
[BlackElo "2429"]
[Result "1-0"]
[Round "5"]
[TimeControl "180+1"]
[Date "2023.11.07"]
[WhiteClock "0:00:11"]
[BlackClock "0:00:00"]
[Board "78"]

1. c4 e6 2. g3 d5 3. Bg2 Nf6 4. Nf3 dxc4 5. Qa4+ Nbd7 6. Qxc4 c5 7. Qc2 Bd6 8. O-O O-O 9. d4 Qe7 10. Nc3 a6 11. Bg5 h6 12. Be3 Rb8 13. dxc5 Bxc5 14. Nd4 Ne5 15. h3 Nc4 16. Qc1 Nxe3 17. fxe3 Bd6 18. Rf3 e5 19. Nf5 Bxf5 20. Rxf5 e4 21. g4 Rbc8 22. Qf1 Be5 23. Rc1 Bxc3 24. bxc3 Rc6 25. c4 Re6 26. Qf4 Re8 27. Rf1 Re5 28. h4 Rxf5 29. Qxf5 Qe6 30. g5 Qxf5 31. Rxf5 Ng4 32. Rf4 Nxe3 33. Bxe4 hxg5 34. hxg5 b6 35. Bd3 Re5 36. Kf2 Nd1+ 37. Ke1 Nb2 38. Kd2 Na4 39. g6 Nc5 40. gxf7+ Kf8 41. Bg6 Re6 42. Rg4 Nd7 43. Bf5 Rd6+ 44. Kc3 Ne5 45. Re4 Nxf7 46. Be6 Ng5 47. Rf4+ Ke7 48. Bd5 Nh7 49. e4 1-0


[Site "https://www.chess.com"]

[Event "Titled Tuesday Blitz November 07 Late 2023"]
[White "ATM622"]
[Black "Sargsyan, Anna M."]
[BlackFideId "13308130"]
[WhiteElo "2427"]
[BlackElo "2591"]
[Result "0-1"]
[Round "5"]
[TimeControl "180+1"]
[Date "2023.11.07"]
[WhiteClock "0:00:00"]
[BlackClock "0:01:13"]
[Board "79"]

1. d4 d5 2. c4 c6 3. Nf3 Nf6 4. Nbd2 e6 5. g3 c5 6. Bg2 Nc6 7. cxd5 exd5 8. dxc5 Bxc5 9. O-O O-O 10. a3 Re8 11. b4 Bb6 12. Bb2 a5 13. b5 Nb8 14. a4 Nbd7 15. Nb3 Nf8 16. Bd4 Ne4 17. Rc1 Bg4 18. h3 Bh5 19. g4 Bg6 20. Ne5 Bxd4 21. Qxd4 Ne6 22. Qb2 Nf4 23. Nxg6 hxg6 24. Kh2 Qd6 25. Kg1 g5 26. Nd4 Qf6 27. Rc2 Rac8 28. Nf5 Rxc2 29. Qxc2 g6 30. Ne3 d4 31. Bxe4 dxe3 32. fxe3 Nxh3+ 33. Kg2 Qe6 34. Kxh3 Qxe4 35. Qxe4 Rxe4 36. Rc1 Rxe3+ 37. Kg2 Rxe2+ 38. Kf3 Re7 39. b6 Re6 40. Rb1 Kg7 41. Rb5 f6 42. Kg3 Kf7 43. Kf3 Ke7 44. Rxa5 Rxb6 45. Rc5 Kd6 46. Rc8 Rb3+ 47. Ke4 Rb4+ 48. Kd3 Rxg4 49. Rg8 Rxa4 50. Rxg6 Ke5 51. Rg8 Kf4 52. Rf8 f5 53. Ke2 g4 54. Rb8 Rb4 55. Kd3 g3 56. Kc3 Rb6 57. Rg8 Kf3 58. Kd4 f4 59. Ke5 Rb5+ 60. Kf6 g2 61. Rg6 Rb6+ 62. Kf7 Rxg6 0-1


[Site "https://www.chess.com"]

[Event "Titled Tuesday Blitz November 07 Late 2023"]
[White "Shapiro, Viktor"]
[Black "ChessLebaneseSalah"]
[WhiteFideId "4175700"]
[WhiteElo "2584"]
[BlackElo "2423"]
[Result "1-0"]
[Round "5"]
[TimeControl "180+1"]
[Date "2023.11.07"]
[WhiteClock "0:01:22"]
[BlackClock "0:00:06"]
[Board "80"]

1. c4 c6 2. Nc3 d5 3. d4 Nf6 4. Nf3 e6 5. Bg5 Nbd7 6. e3 Qa5 7. Nd2 Bb4 8. Qc2 Ne4 9. Ndxe4 dxe4 10. Bh4 O-O 11. Be2 e5 12. O-O exd4 13. exd4 Bxc3 14. bxc3 Re8 15. Rab1 Nf6 16. Bxf6 gxf6 17. f4 f5 18. c5 Be6 19. Rxb7 Qxa2 20. Qxa2 Bxa2 21. Ra1 Be6 22. Raxa7 Rxa7 23. Rxa7 Rb8 24. Kf2 Rb2 25. Ke3 Rb3 26. Kd2 Rb2+ 27. Ke1 e3 28. Ra1 Bd5 29. Bf3 Bxf3 30. gxf3 Rxh2 31. Ra6 Rc2 32. Rxc6 Rxc3 33. d5 h5 34. d6 Rd3 35. Ke2 Rd5 36. Kxe3 h4 37. Kf2 Rd2+ 38. Kg1 h3 39. Rc7 Kg7 40. d7 Kf6 41. c6 Ke7 42. Rc8 f6 43. Re8+ Kf7 44. d8=Q 1-0


[Site "https://www.chess.com"]

[Event "Titled Tuesday Blitz November 07 Late 2023"]
[White "Jaskolka, Tomasz"]
[Black "WindWhistler11"]
[WhiteFideId "1170791"]
[WhiteElo "2581"]
[BlackElo "2423"]
[Result "0-1"]
[Round "5"]
[TimeControl "180+1"]
[Date "2023.11.07"]
[WhiteClock "0:00:06"]
[BlackClock "0:00:05"]
[Board "81"]

1. e4 e6 2. Nf3 d5 3. e5 c5 4. b4 c4 5. c3 a5 6. b5 Nd7 7. d3 cxd3 8. Bxd3 Qc7 9. Qe2 Ne7 10. Bf4 Ng6 11. Bg3 Nc5 12. Bc2 Be7 13. h4 Nf8 14. Nd4 Nfd7 15. O-O Qd8 16. Qg4 g6 17. Nd2 h5 18. Qh3 Nb6 19. f4 Bd7 20. Rad1 Qc7 21. Bf2 Nca4 22. c4 Nb2 23. Rc1 N2xc4 24. Nxc4 dxc4 25. Be4 O-O-O 26. Rfd1 Kb8 27. Nb3 Bb4 28. Qe3 Bxb5 29. Nd4 Ba4 30. Rf1 Bc5 31. Qc3 Nd5 32. Bxd5 exd5 33. e6 Bb4 34. Qe3 fxe6 35. Nxe6 Qd6 36. Qa7+ Kc8 37. Nd4 Qb8 38. Qb6 Qc7 39. Qe6+ Kb8 40. Rb1 Rhe8 41. Qxg6 Bc5 42. a3 Rf8 43. Ne6 Rg8 44. Qxg8 Rxg8 45. Nxc7 Bxf2+ 46. Rxf2 Kxc7 47. Rfb2 Bc6 48. Kf2 d4 49. Rd1 Rxg2+ 50. Kf1 Rxb2 51. Rxd4 c3 52. Rc4 c2 53. Ke1 Rb1+ 54. Kd2 Rf1 55. Kxc2 Rh1 56. f5 Rh2+ 57. Kc3 Rh3+ 58. Kd2 Rxa3 59. Rf4 Kd7 60. f6 Ke8 61. Rf5 Kf7 62. Rxh5 Kxf6 63. Kc2 Rh3 64. Rh8 Ke6 65. Kb2 Kd5 66. h5 Kc5 67. h6 Be4 68. Re8 Bd3 69. Re6 b5 70. Re5+ Kd4 71. Re6 Rh2+ 72. Ka3 Bc4 73. Rd6+ Kc5 74. Rd2 Rxd2 75. h7 Ra2# 0-1


[Site "https://www.chess.com"]

[Event "Titled Tuesday Blitz November 07 Late 2023"]
[White "The_Straightforward_Rook"]
[Black "Wanyama, Harold"]
[BlackFideId "10000380"]
[WhiteElo "2573"]
[BlackElo "2422"]
[Result "1/2-1/2"]
[Round "5"]
[TimeControl "180+1"]
[Date "2023.11.07"]
[WhiteClock "0:00:14"]
[BlackClock "0:00:15"]
[Board "82"]

1. e4 c5 2. c3 Nf6 3. e5 Nd5 4. Nf3 e6 5. Bc4 d6 6. d4 cxd4 7. cxd4 Qc7 8. Qe2 Be7 9. O-O O-O 10. Bxd5 exd5 11. Nc3 Be6 12. exd6 Qxd6 13. Bg5 Nc6 14. Bxe7 Qxe7 15. Rfe1 Rfe8 16. h3 Qb4 17. Qd3 a6 18. a3 Qd6 19. Ng5 g6 20. Nxe6 Rxe6 21. Re3 Rae8 22. Rae1 Kg7 23. b4 h6 24. g3 Qd7 25. Kg2 R8e7 26. b5 Na5 27. bxa6 bxa6 28. Rxe6 Rxe6 29. Re5 Rxe5 30. dxe5 d4 31. Ne4 Qd5 32. f3 Nc4 33. g4 Nxe5 34. Qxa6 d3 35. Qf6+ Kg8 36. Qf4 Nd7 37. Nd2 Qe5 38. Qxe5 Nxe5 39. Kf2 g5 40. Ke3 Kf8 41. Kd4 f6 42. a4 Ke7 43. Kd5 Kd7 44. a5 Ng6 45. a6 Nf4+ 46. Ke4 Kc7 47. Kf5 Nxh3 48. Kxf6 Kb6 49. Kg6 Kxa6 50. Kxh6 Kb5 51. f4 gxf4 52. g5 Nxg5 53. Kxg5 Kb4 54. Kxf4 Kc3 55. Ke3 Kc2 56. Ne4 Kb3 57. Kxd3 1/2-1/2


[Site "https://www.chess.com"]

[Event "Titled Tuesday Blitz November 07 Late 2023"]
[White "Goncalves, Davi Sulzbacher"]
[Black "Gimenez Aguirre, Alejo Ismael"]
[WhiteFideId "2154510"]
[BlackFideId "32041667"]
[WhiteElo "2420"]
[BlackElo "2570"]
[Result "0-1"]
[Round "5"]
[TimeControl "180+1"]
[Date "2023.11.07"]
[WhiteClock "0:00:10"]
[BlackClock "0:00:07"]
[Board "83"]

1. d4 Nf6 2. c4 e6 3. Nc3 Bb4 4. f3 d5 5. a3 Bxc3+ 6. bxc3 c5 7. e3 O-O 8. cxd5 Nxd5 9. Ne2 cxd4 10. cxd4 Nc6 11. e4 Nf6 12. Be3 b6 13. Ng3 Bb7 14. Be2 Qd7 15. Qd2 Rfc8 16. O-O Na5 17. Rad1 Nc4 18. Bxc4 Rxc4 19. d5 exd5 20. e5 Ne8 21. f4 Rac8 22. Bd4 Nc7 23. f5 Nb5 24. Ba1 d4 25. Qg5 Qd5 26. Nh5 Qxe5 27. Rde1 h6 28. Qg4 d3 29. Qxc4 Rxc4 30. Rxe5 Rc2 31. Nf4 Nxa3 32. Re8+ Kh7 33. Re7 Bc6 34. Rxf7 Kg8 35. Rxg7+ Kf8 36. Ne6+ Ke8 37. Bf6 Rxg2+ 38. Rxg2 Bxg2 39. Kxg2 Nc4 40. Rd1 Ne3+ 41. Kf3 Nxd1 42. Ke4 Nf2+ 43. Ke3 Ng4+ 44. Kxd3 Nxf6 45. Kd4 Ng4 46. h3 Nf2 47. h4 Ke7 48. Nc7 Kf6 49. Ke3 Nd1+ 50. Kd2 Nb2 51. Kc3 Na4+ 52. Kb4 Nc5 0-1


[Site "https://www.chess.com"]

[Event "Titled Tuesday Blitz November 07 Late 2023"]
[White "Inepton_Fermion"]
[Black "Toncheva, Nadya"]
[BlackFideId "2924056"]
[WhiteElo "2413"]
[BlackElo "2561"]
[Result "0-1"]
[Round "5"]
[TimeControl "180+1"]
[Date "2023.11.07"]
[WhiteClock "0:00:01"]
[BlackClock "0:00:59"]
[Board "85"]

1. Nf3 c5 2. b3 Nc6 3. Bb2 d6 4. c4 e5 5. d3 g6 6. g3 Bg7 7. Nc3 Nge7 8. Bg2 O-O 9. O-O f5 10. Nd2 Be6 11. Nd5 Qd7 12. a3 Rae8 13. b4 b6 14. b5 Nd8 15. a4 Bxd5 16. cxd5 Nb7 17. Nc4 f4 18. Qb3 g5 19. a5 Nxa5 20. Nxa5 bxa5 21. Rxa5 Nc8 22. Be4 fxg3 23. hxg3 Rf6 24. Bc3 Ref8 25. e3 Qg4 26. Ra4 Qe2 27. Ra2 Qh5 28. Qd1 g4 29. Re1 Rh6 30. Bg2 Qh2+ 31. Kf1 Qxg3 32. b6 Rh2 33. Bf3 Rxf3 34. Qxf3 Qxf3 35. b7 Rh1# 0-1


[Site "https://www.chess.com"]

[Event "Titled Tuesday Blitz November 07 Late 2023"]
[White "Koziorowicz, Michal"]
[Black "PapaieDudu"]
[WhiteFideId "21809194"]
[WhiteElo "2559"]
[BlackElo "2387"]
[Result "1-0"]
[Round "5"]
[TimeControl "180+1"]
[Date "2023.11.07"]
[WhiteClock "0:01:58"]
[BlackClock "0:00:02"]
[Board "86"]

1. d4 d5 2. c4 e6 3. Nc3 Nf6 4. Bg5 dxc4 5. e4 a6 6. Bxc4 b5 7. Bb3 b4 8. Na4 Bb7 9. f3 Nc6 10. Ne2 h6 11. Be3 Na5 12. O-O Be7 13. Rc1 O-O 14. Nc5 Bxc5 15. Rxc5 Nxb3 16. Qxb3 a5 17. Rfc1 Ba6 18. Ng3 h5 19. Nxh5 Nxh5 20. Rxh5 Qd7 21. Rxa5 Rfb8 22. Rac5 Rb7 23. Qc2 Rc8 24. b3 g6 25. h4 Kg7 26. h5 gxh5 27. Rxh5 Rh8 28. Rxh8 Kxh8 29. Qc5 Rb5 30. Qf8+ Kh7 31. Qh6+ Kg8 32. Kf2 Ra5 33. Rh1 Rxa2+ 34. Kg3 f5 35. Qh8+ Kf7 36. Rh7+ Kg6 37. Qg8+ 1-0


[Site "https://www.chess.com"]

[Event "Titled Tuesday Blitz November 07 Late 2023"]
[White "Prithu Gupta"]
[Black "Wartiovaara, Oliver"]
[WhiteFideId "46618546"]
[BlackFideId "513024"]
[WhiteElo "2376"]
[BlackElo "2533"]
[Result "1-0"]
[Round "5"]
[TimeControl "180+1"]
[Date "2023.11.07"]
[WhiteClock "0:00:28"]
[BlackClock "0:00:00"]
[Board "88"]

1. d4 e6 2. c4 f5 3. Nf3 Nf6 4. e3 Be7 5. Bd3 O-O 6. Qc2 Nc6 7. a3 d6 8. b4 Qe8 9. Bb2 Qg6 10. O-O Ne4 11. Nbd2 Nxd2 12. Nxd2 Bf6 13. f4 a5 14. b5 Ne7 15. e4 fxe4 16. Nxe4 Nf5 17. Qf2 Bh4 18. g3 Be7 19. Rac1 Bd7 20. a4 b6 21. Bb1 Rac8 22. c5 bxc5 23. dxc5 d5 24. c6 Be8 25. Nc5 Bd6 26. Rfe1 Bf7 27. Nd7 Rfe8 28. Qg2 h5 29. Ne5 Bxe5 30. Rxe5 Qg4 31. Bd3 h4 32. Be2 Qg6 33. g4 h3 34. Qxh3 d4 35. Kh1 Ne3 36. Bxd4 Red8 37. Bxe3 1-0


[Site "https://www.chess.com"]